 Dungeon Crawl Stone Soup version 0.30-a0-1094-g860fb061e7 (webtiles) character file.

Game seed: 13732138379446111075

277 Dirtsage the Chopper (level 6, -3/47 HPs)
             Began as a Demonspawn Berserker on Apr 17, 2023.
             Was a Priest of Trog.
             Slain by Menkaure (19 damage)
             ... on level 4 of the Dungeon.
             The game lasted 00:10:43 (3292 turns).

Dirtsage the Chopper (Demonspawn Berserker)         Turns: 3292, Time: 00:10:43

Health: -3/47      AC: 12    Str: 20    XL:     6   Next: 4%
Magic:  6/6        EV:  7    Int:  8    God:    Trog [***...]
Gold:   163        SH:  0    Dex: 12    Spells: 5/5 levels left

rFire   . . .      SeeInvis .    a - +0 hand axe
rCold   . . .      Faith    .    (no shield)
rNeg    . . .      Spirit   .    k - +0 plate armour
rPois   .          Reflect  .    b - +1 helmet
rElec   .          Rampage  .    (no cloak)
rCorr   .                        (no gloves)
Will    .....                    (no boots) Stlth
                                 (no amulet)
HPRegen 0.27/turn                (no ring)
MPRegen 0.20/turn                (no ring)

@: on berserk cooldown, slowed, very slow
A: ignite blood 1, magic regeneration, sturdy frame 1, weakness stinger 1
a: Renounce Religion, Berserk, Trog's Hand


You were on level 4 of the Dungeon.
You worshipped Trog.
Trog was most pleased with you.
You visited 1 branch of the dungeon, and saw 4 of its levels.

You collected 163 gold pieces.

Inventory:

Hand Weapons
 a - a +0 hand axe (weapon)
Missiles
 s - 2 throwing nets (quivered)
Armour
 b - a +1 helmet (worn)
 d - a +0 kite shield
 k - a +0 plate armour (worn)
Jewellery
 t - an amulet of guardian spirit
Wands
 r - a wand of iceblast (6)
Scrolls
 c - 3 scrolls of magic mapping {unknown}
 f - 2 scrolls of fear {unknown}
 j - a scroll of enchant armour {unknown}
 l - 3 scrolls of identify {unknown}
 m - 2 scrolls of blinking {unknown}
 n - 2 scrolls of brand weapon {unknown}
 o - 3 scrolls of fog
 p - a scroll of enchant weapon {unknown}
 q - a scroll of teleportation {unknown}
Potions
 e - 5 potions of curing {unknown}
 g - a potion of might {unknown}
 h - a potion of lignification {unknown}
 i - a potion of resistance {unknown}


   Skills:
 - Level 3.0 Fighting
 * Level 6.2 Axes
 - Level 1.7 Armour
 - Level 1.7 Dodging
 + Level 0.0 Shields


You had 5 spell levels left.
You didn't know any spells.
Your spell library contained the following spells:

 Spells                   Type           Power      Damage    Failure   Level
 Foxfire                  Conj/Fire      0%         2x1d4     100%        1
 Freeze                   Ice            0%         1d3       100%        1
 Sandblast                Erth           0%         2d4       100%        1
 Passwall                 Tmut/Erth      0%         N/A       100%        2
 Frozen Ramparts          Ice            0%         1d1       100%        3
 Hailstorm                Conj/Ice       0%         3d3       100%        3
 Stone Arrow              Conj/Erth      0%         3d7       100%        3
 Alistair's Intoxication  Tmut/Pois      0%         N/A       100%        5
 Borgnjor's Vile Clutch   Necr/Erth      0%         N/A       100%        5
 Eringya's Noxious Bog    Tmut/Pois      0%         N/A       100%        6


Dungeon Overview and Level Annotations

Branches:
Dungeon (4/15)
 Temple: D:4-7

Altars:

Shops:
D:1 ::??*

Annotations:
D:4 Menkaure


Innate Abilities, Weirdness & Mutations

Your demonic aura sometimes causes spilled blood to erupt in flames.
You regenerate magic rapidly.
Your movements are slightly less encumbered by armour. (ER -2)
You have a small tail.


Message History

You hit the hobgoblin.
The hobgoblin is heavily wounded.
The hobgoblin closely misses you.
You hit the hobgoblin but do no damage.
The hobgoblin is heavily wounded.
The hobgoblin hits you but does no damage.
You hit the hobgoblin. You tail-slap the hobgoblin.
You kill the hobgoblin!
Trog accepts your kill.
No target in view!
You see here a hobgoblin corpse.
Menkaure, Prince of Dust comes into view.
Menkaure shouts!
Your movement speed is average.
Your attack delay is about 0.9.
Your damage rating with your +0 hand axe is about 10 (Base 7 x 125% (Str) x 117% (Skill)).
A red film seems to cover your vision as you go berserk!
You feel yourself moving faster!
You feel mighty!
You now have 70/70 hp.
You feel a strong urge to attack something.
Menkaure gestures at you while chanting.
Pain shoots through your body!
You take 8 damage, and have 62/70 hp.
You feel your anger nearly subside. Menkaure hits you!
You take 7 damage, and have 56/70 hp.
You barely miss Menkaure.
Your tail-slap misses Menkaure.
You hit Menkaure.
Menkaure is moderately damaged.
You are no longer berserk.
You are exhausted.
You feel yourself slow down. Menkaure hits you!
You now have 29/47 hp.
You hit Menkaure.
Your tail-slap misses Menkaure.
Menkaure is heavily damaged.
Menkaure hits you!
You take 13 damage, and have 16/47 hp.
MASSIVE DAMAGE!!
You hit Menkaure.
Menkaure is severely damaged.
Menkaure hits you!!
You die...

...........#########§#
#.# # ..#####.##.#
##.## #.# # #.##.#
#####...####.# #
#....# #............#
###..# #.###...######
#..# #.####.## #..#
#......# #..# #.M#####
.... #○@# #..# #####
#..############....
#...†...........###
#.############### #.
#. ##


You could see Menkaure.

Vanquished Creatures
  An ogre (D:4)
  A sleepcap (D:4)
  An orc wizard (D:3)
  3 gnolls (D:2)
  An adder (D:2)
  4 worms
  3 dart slugs
  2 orcs (D:3)
  7 ball pythons
  6 bats
  4 endoplasms
  6 giant cockroaches
  6 goblins
  10 hobgoblins
  12 jackals
  A kobold (D:1)
  2 quokkas (D:1)
  6 frilled lizards
  5 rats
81 creatures vanquished.

Vanquished Creatures (others)
  A hobgoblin (D:3)
1 creature vanquished.

Grand Total: 82 creatures vanquished

Notes
Turn   | Place    | Note
-------+----------+-------------------------------------------
     0 | D:1      | Dirtsage the Demonspawn Berserker began the quest for the
                  | Orb.
     0 | D:1      | Reached XP level 1. HP: 18/18 MP: 1/1
    44 | D:1      | Found Kemef's Book Shop.
   103 | D:1      | Found Weips's Book Boutique.
   109 | D:1      | Reached skill level 3 in Axes
   152 | D:1      | Gained mutation: Your movements are slightly less
                  | encumbered by armour. (ER -2) [demonic ancestry]
   152 | D:1      | Reached XP level 2. HP: 14/24 MP: 2/2
   384 | D:1      | Gained mutation: Your demonic aura sometimes causes spilled
                  | blood to erupt in flames. [demonic ancestry]
   384 | D:1      | Reached XP level 3. HP: 29/29 MP: 3/3
   531 | D:1      | Found Oneitaihit's General Store.
   600 | D:1      | Reached ** piety under Trog
   611 | D:1      | Found Edishr Emno's Magic Scroll Shoppe.
   648 | D:1      | Reached skill level 4 in Axes
   653 | D:1      | Found Qoang's Magic Scroll Emporium.
   943 | D:2      | Gained mutation: You have a small tail. [demonic ancestry]
   943 | D:2      | Reached XP level 4. HP: 35/35 MP: 4/4
  1841 | D:2      | Reached skill level 5 in Axes
  2079 | D:3      | Reached XP level 5. HP: 38/41 MP: 5/5
  2192 | D:3      | Found a faded altar of an unknown god.
  2200 | D:3      | Got Plato's Volume of Fire
  2555 | D:3      | Reached *** piety under Trog
  3175 | D:4      | Noticed an ogre
  3184 | D:4      | Killed an ogre
  3185 | D:4      | Reached skill level 6 in Axes
  3185 | D:4      | Gained mutation: You regenerate magic rapidly. [demonic
                  | ancestry]
  3185 | D:4      | Reached XP level 6. HP: 47/47 MP: 6/6
  3284 | D:4      | Noticed Menkaure
  3292 | D:4      | Slain by Menkaure

Illustrated notes

Levels and vault maps discovered:
D:1:      shiori_arrival_oz, layout_basic, serial_shops, shop, shop,
          nicolae_shop_trees, nicolae_shop_tiny_real_fake_doors,
          nicolae_shop_peninsula, hangedman_decor_push
D:2:      layout_loops_ring, minmay_puff
D:3:      layout_basic, shapermc_ecumenical_altar_rom_forum,
          nicolae_elevator_lobby_asterisk
D:4:      layout_loops_ring, gammafunk_temple_overflow_statue, uniq_menkaure

Skill      XL: |  1  2  3  4  5 |
---------------+----------------+-----
Axes           | 3 4 5 6 |  6.2
Fighting       | |  3.0
Armour         | |  1.7
Dodging        | |  1.7

Action                     |  1- 3 |  4- 6 || total
---------------------------+-------+-------++-------
  Melee: Hand axe          |   106 |   136 ||   242
         Tailslap          |       |    16 ||    16
 Invoke: Berserk           |     4 |     3 ||     7
    Use: Scroll            |       |     1 ||     1
   Stab: Sleeping          |     1 |       ||     1
 Armour: Animal skin       |    10 |     9 ||    19
         Plate armour      |       |    80 ||    80
  Dodge: Dodged            |    55 |    41 ||    96

Table legend: (Time is in decaauts)
 A = Elapsed time spent in this place.
 B = Non-inter-level travel time spent in this place.
 C = Inter-level travel time spent in this place.
 D = Time resting spent in this place.
 E = Time spent auto-exploring this place.
 F = Levels seen in this place.
 G = Mean time per level.
                   A        B        C        D        E       F      G
               +--------+--------+--------+--------+--------+-----+--------+
         Total |   3359 |   3273 |     86 |    648 |   2042 |   4 |  839.8 |
       Dungeon |   3359 |   3273 |     86 |    648 |   2042 |   4 |  839.8 |
               +--------+--------+--------+--------+--------+-----+--------+

Top non-repeatable levels by time:
     D:2: 1166 daAuts
     D:1: 915 daAuts
     D:3: 893 daAuts
     D:4: 384 daAuts
